 Dungeon Crawl Stone Soup version 0.30-a0-415-g685d318daa (webtiles) character file.

Game seed: 1251256218565902553

31346 Majang the Skirmisher (level 13, -2/78 HPs)
             Began as a Tengu Hunter on Dec 8, 2022.
             Was a High Priest of Hepliaklqana.
             Killed from afar by a lindwurm (41 damage)
             ... with a blast of flame
             ... on level 4 of the Lair of Beasts.
             The game lasted 00:54:11 (13318 turns).

Majang the Skirmisher (Tengu Hunter)               Turns: 13318, Time: 00:54:12

Health: -2/78      AC: 15    Str: 12    XL:     13   Next: 57%
Magic:  19/19      EV: 26    Int: 10    God:    Hepliaklqana [*****.]
Gold:   841        SH:  0    Dex: 22    Spells: 12/12 levels left

rFire   . . .      SeeInvis .    i - +0 arbalest
rCold   . . .      Faith    .    (shield currently unavailable)
rNeg    . . .      Spirit   .    y - +1 acid dragon scales
rPois   .          Reflect  .    h - +2 hat
rElec   .          Harm     .    r - +1 cloak
rCorr   +          Rampage  .    c - +0 pair of gloves
Will    .....                    (boots unavailable)
Stlth   ++........               (no amulet)
HPRegen 0.33/turn                z - +4 ring of evasion
MPRegen 0.16/turn                (no ring)

@: about to teleport, flying quickly and evasively, quick
A: reduced essence, beak, talons 3, nimble flight
a: Renounce Religion, Recall Ancestor, Ancestor Identity, Transference, Idealise


You were on level 4 of the Lair of Beasts.
You worshipped Hepliaklqana.
Hepliaklqana was extremely pleased with you.
You visited 3 branches of the dungeon, and saw 15 of its levels.
You also visited: Sewer and Ossuary.

You collected 841 gold pieces.

Inventory:

Hand Weapons
 i - a +0 arbalest (weapon)
Armour
 c - a +0 pair of gloves (worn)
 h - a +2 hat (worn)
 r - a +1 cloak (worn)
 y - +1 acid dragon scales (worn)
Jewellery
 g - a +4 ring of evasion
 z - a +4 ring of evasion (left hand)
 D - a ring of resist corrosion
Wands
 a - a wand of acid (5)
 m - a wand of flame (48)
 p - a wand of roots (4)
 x - a wand of paralysis (25)
 C - a wand of digging (9)
Scrolls
 b - 3 scrolls of immolation
 d - 3 scrolls of identify
 u - 5 scrolls of fear
 A - 4 scrolls of magic mapping
 E - 2 scrolls of summoning
 F - 4 scrolls of teleportation
Potions
 e - 2 potions of heal wounds
 f - 11 potions of curing
 j - 5 potions of lignification
 k - 3 potions of haste
 l - 2 potions of ambrosia
 n - a potion of resistance
 q - 4 potions of mutation
 s - 5 potions of might
 t - 2 potions of invisibility
 v - a potion of cancellation


   Skills:
 * Level 12.6 Fighting
 * Level 14.2 Ranged Weapons
 + Level 9.4 Armour
 + Level 9.7 Dodging
 - Level 1.0 Stealth
 + Level 7.8 Invocations


You had 12 spell levels left.
You didn't know any spells.
Your spell library contained the following spells:

 Spells                   Type           Power      Damage    Failure   Level
 Kiss of Death            Conj/Necr      0%         2d5       45%         1
 Blink                    Tloc           0%         N/A       61%         2
 Scorch                   Fire           0%         2d5       61%         2
 Confusing Touch          Hex            0%         N/A       83%         3
 Kindle Blastsparks       Fire/Tloc/Air  0%         2d10      83%         3
 Dispel Undead            Necr           0%         3d6       99%         4
 Flame Wave               Conj/Fire      0%         2d4       99%         4
 Fulminant Prism          Conj/Hex       0%         3d5       99%         4
 Iskenderun's Mystic Bla  Conj/Tloc      0%         2d3       99%         4
 Manifold Assault         Tloc           0%         N/A       99%         4
 Olgreb's Toxic Radiance  Pois           0%         N/A       99%         4
 Lee's Rapid Deconstruct  Erth           0%         3d4*      100%        5
 Summon Cactus Giant      Summ           0%         N/A       100%        6
 Ozocubu's Refrigeration  Ice            0%         4d7       100%        7
 Storm Form               Tmut/Air       0%         N/A       100%        7
 Ignition                 Fire           0%         3d3       100%        8


Dungeon Overview and Level Annotations

Branches:
Dungeon (10/15)            Temple (1/1) D:7            Lair (4/5) D:10
  Swamp (0/4) Lair:3       Spider (0/4) Lair:3        Slime (0/5) Lair:4
  Sewer (visited)         Ossuary (visited)
    Orc: D:9-12

Altars:
Hepliaklqana
Zin

Annotations:
D:8 1 transporter
D:9 3 runed translucent doors, Heedrag's ghost, novice DsCj


Innate Abilities, Weirdness & Mutations

Your life essence is reduced to manifest your ancestor. (-10% HP)
You have a beak for a mouth.
You have claws for feet.
Your magical nature lets you fly swiftly and evasively.


Message History

The lava snake hisses angrily.
The lindwurm roars!
There is an open translucent gate here.
Okay, then.
You reach down and open the gate.
The lava snake spits lava at you. The glob of lava misses you.
The lindwurm barely misses Awngi.
The lindwurm claws Awngi but does no damage. x2
The lindwurm breathes flames at you.
The blast of flame hits Awngi!
Awngi resists.
The blast of flame hits you!!!
Ouch! That really hurt!
There is an open translucent gate here.
Awngi hits the lindwurm with a +0 flail.
The lindwurm bites Awngi but does no damage.
The lindwurm claws Awngi but does no damage.
The lindwurm barely misses Awngi. x2
The lindwurm claws Awngi but does no damage.
Awngi blocks the lindwurm's attack.
Awngi hits the lindwurm but does no damage.
Awngi blocks the lindwurm's attack.
The lindwurm closely misses Awngi.
The lindwurm misses Awngi.
Awngi hits the lindwurm with a +0 flail!
The lindwurm breathes flames at you. The blast of flame hits you!!
* * * LOW HITPOINT WARNING * * *
Things that are here:
a boulder beetle corpse; a boulder beetle corpse You feel much better.
Awngi hits the lindwurm with a +0 flail.
Okay, then.
As you read the scroll of teleportation, it crumbles to dust.
You feel strangely unstable. The lindwurm completely misses you.
The lindwurm closely misses you. The lindwurm misses you.
You see here a human skeleton.
The lindwurm breathes flames at you. The blast of flame hits you!!!
Ouch! That really hurt!
You die...

##..#### #. .##.P# ### ## ###..##
##.## ## ###...# #.#.######### #.
.##..####### #.k.##.#SS§☼# ##
.....##....#######k#..'.'^.?8# ##
..?........#8##^)÷.##.R.'^.$=# #)
..#........#.'.#.####.'.'^.!8# ##
.##.........8#.#@# ###.#§§○°# #
.#........####.#.# ######## ##
.....#....## ##.## #.
.....#.....# ### ## ...R..#....#
#. ##.###.....######
#############
##..###...##.#..#####...##...##.#
#..## ##.##......................
...## ##.#......................


You could see 2 lindwurms.

Vanquished Creatures
  Snorg (D:10)
  2 boulder beetles (Lair:4)
  7 death yaks
  2 lindwurms
  A wolf spider (Lair:4)
  2 elephants (Lair:4)
  A black mamba (Lair:3)
  A torpor snail (Lair:1)
  Maggie (D:7)
  3 cane toads
  A rime drake (Lair:4)
  5 komodo dragons
  A troll (D:10)
  A polar bear (Lair:4)
  8 blink frogs
  A tyrant leech (Lair:3)
  2 culicivoras (Lair:3)
  A shadow (D:10)
  A wyvern (D:6)
  12 yaks
  Grum (D:10)
  A basilisk (Lair:4)
  2 steam dragons
  A swamp worm (Lair:3)
  2 redbacks (Lair:4)
  Duvessa (D:7)
  8 water moccasins
  An ice beast (D:5)
  2 sky beasts
  2 orc warriors (D:9)
  17 wolves
  A phantom (D:5)
  2 necrophages (D:6)
  7 bullfrogs
  3 water moccasin zombies (Ossuary)
  A wight (D:9)
  2 killer bees (D:8)
  Dowan (D:7)
  A howler monkey (D:7)
  A gnoll bouda (D:5)
  2 hounds
  3 orc priests (D:9)
  2 iguanas (D:5)
  17 jellies
  7 orc wizards
  7 hell rats (Lair:3)
  A mummy (D:4)
  12 gnolls
  10 adders
  2 shadow imps (Sewer)
  4 white imps
  4 ufetubi
  An adder zombie (Ossuary)
  4 worms
  3 dart slugs
  22 orcs
  6 bats
  7 endoplasms
  5 giant cockroaches
  11 goblins
  7 hobgoblins
  3 jackals
  2 quokkas
  9 ball pythons
  3 frilled lizards
  A giant cockroach zombie (Sewer)
  2 gnoll zombies (Ossuary)
  5 hobgoblin zombies (Ossuary)
  22 kobolds
  3 kobold zombies (Ossuary)
  7 orc zombies (Ossuary)
  9 rats
314 creatures vanquished.

Vanquished Creatures (collateral kills)
  A hydra (Lair:4)
  A two-headed ogre (D:9)
  A wolf spider (Lair:4)
  4 elephants (Lair:4)
  A cane toad (Lair:3)
  3 komodo dragons
  A troll (D:10)
  A polar bear (Lair:1)
  Grinder (Sewer)
  A hornet (D:10)
  5 blink frogs
  A culicivora (Lair:3)
  A wyvern (Lair:4)
  9 yaks
  A basilisk (Lair:3)
  A steam dragon (D:9)
  3 water moccasins (Lair:3)
  2 orc warriors
  A black bear (Lair:4)
  5 wolves
  A kobold brigand (Sewer)
  3 bullfrogs
  A gnoll sergeant (D:10)
  3 wights (D:9)
  A water moccasin zombie (Ossuary)
  2 killer bees (D:8)
  A jelly (Lair:4)
  2 quasits (Sewer)
  2 gnoll boudas
  An orc priest (D:9)
  7 orc wizards
  2 iguanas
  2 mummies (Ossuary)
  An adder (D:5)
  3 gnolls
  A shadow imp (Sewer)
  An ufetubus (Sewer)
  An adder zombie (Ossuary)
  A worm (D:5)
  8 orcs
  A jackal (D:5)
  2 kobolds (Sewer)
  A ball python (Sewer)
  3 gnoll zombies (Ossuary)
  2 hobgoblin zombies (Ossuary)
  2 kobold zombies
  An orc zombie (Ossuary)
  A butterfly (Lair:1)
101 creatures vanquished.

Vanquished Creatures (others)
  6 knights
  10 fungi
  19 plants
35 creatures vanquished.

Grand Total: 450 creatures vanquished

Notes
Turn   | Place    | Note
-------+----------+-------------------------------------------
     0 | D:1      | Majang the Tengu Hunter began the quest for the Orb.
     0 | D:1      | Reached XP level 1. HP: 12/12 MP: 2/2
    71 | D:1      | Reached XP level 2. HP: 12/18 MP: 3/3
   377 | D:1      | Reached XP level 3. HP: 22/22 MP: 4/4
   440 | D:1      | Reached skill level 5 in Ranged Weapons
   599 | D:1      | Found a faded altar of an unknown god.
   906 | D:2      | Reached XP level 4. HP: 27/28 MP: 5/5
  1410 | D:3      | Reached skill level 1 in Armour
  1410 | D:3      | Gained mutation: Your magical nature lets you fly swiftly
                  | and evasively. [Tengu growth]
  1410 | D:3      | Reached XP level 5. HP: 32/32 MP: 6/6
  1438 | D:3      | HP: 1/33 [poisoned by an adder]
  1650 | D:3      | Found a hazy altar of Hepliaklqana.
  1655 | D:3      | Became a worshipper of Hepliaklqana the Forgotten
  2415 | D:4      | Found a sand-covered staircase.
  2429 | Ossuary  | Entered an ossuary
  2457 | Ossuary  | Reached skill level 6 in Ranged Weapons
  2457 | Ossuary  | Reached XP level 6. HP: 18/38 MP: 7/7
  2641 | Ossuary  | Reached skill level 1 in Invocations
  2682 | Ossuary  | Reached * piety under Hepliaklqana
  2731 | Ossuary  | Reached XP level 7. HP: 39/39 MP: 8/8
  3197 | D:5      | Entered Level 5 of the Dungeon
  3355 | D:5      | Reached skill level 5 in Fighting
  3431 | D:5      | Reached skill level 7 in Ranged Weapons
  3522 | D:5      | Reached XP level 8. HP: 43/44 MP: 10/10
  3831 | D:5      | Reached ** piety under Hepliaklqana
  3832 | D:5      | Remembered your ancestor Awngi as a knight
  3988 | D:6      | Noticed a wyvern
  3996 | D:6      | Killed a wyvern
  4154 | D:6      | Found a glowing drain.
  4174 | Sewer    | Entered a sewer
  4300 | Sewer    | Found a burning altar of Makhleb.
  4443 | Sewer    | Noticed Grinder
  4454 | Sewer    | Killed Grinder
  4455 | Sewer    | Reached skill level 8 in Ranged Weapons
  4506 | Sewer    | Reached XP level 9. HP: 50/50 MP: 12/12
  4806 | D:6      | Found a glowing silver altar of Zin.
  4821 | D:6      | Reached skill level 5 in Dodging
  5603 | D:7      | Reached *** piety under Hepliaklqana
  5635 | D:7      | Noticed Dowan
  5637 | D:7      | Noticed Duvessa
  5647 | D:7      | Killed Dowan
  5648 | D:7      | Killed Duvessa
  5730 | D:7      | Reached skill level 9 in Ranged Weapons
  5740 | D:7      | Found a staircase to the Ecumenical Temple.
  5749 | Temple   | Entered the Ecumenical Temple
  5761 | D:7      | Noticed Maggie
  5766 | D:7      | Killed Maggie
  5767 | D:7      | Reached skill level 5 in Armour
  5957 | D:8      | Found a transporter.
  5960 | D:8      | Found a transporter.
  6050 | D:8      | Found a transporter.
  6054 | D:8      | Found a transporter.
  6070 | D:8      | Found a transporter.
  6091 | D:8      | Found a transporter.
  6150 | D:8      | Reached XP level 10. HP: 48/57 MP: 14/14
  6831 | D:9      | Found a runed translucent gate.
  6831 | D:9      | Found a runed translucent gate.
  6831 | D:9      | Found a runed translucent gate.
  6832 | D:9      | Noticed Heedrag's ghost (novice DsCj)
  6832 | D:9      | Noticed a spectral centaur warrior
  6868 | D:9      | Reached **** piety under Hepliaklqana
  6962 | D:9      | Noticed a two-headed ogre
  6969 | D:9      | Killed a two-headed ogre
  6970 | D:9      | Reached skill level 10 in Ranged Weapons
  7420 | D:10     | Entered Level 10 of the Dungeon
  7451 | D:10     | Reached skill level 5 in Invocations
  7467 | D:10     | Noticed Grum
  7482 | D:10     | Killed Grum
  7582 | D:10     | Reached XP level 11. HP: 63/63 MP: 14/16
  7706 | D:10     | Noticed Snorg
  7717 | D:10     | Killed Snorg
  7718 | D:10     | Reached skill level 11 in Ranged Weapons
  8016 | D:10     | Found a staircase to the Lair.
  8357 | Lair:1   | Entered Level 1 of the Lair of Beasts
  8357 | Lair:1   | Noticed a death yak
  8380 | D:10     | Killed a death yak
  8699 | Lair:1   | Reached ***** piety under Hepliaklqana
  8909 | Lair:1   | Noticed a lindwurm
  8916 | Lair:1   | Killed a lindwurm
  8917 | Lair:1   | Reached skill level 10 in Fighting
  9764 | Lair:2   | Identified the +5 flail of Mandamus {chaos, rN+ Str-3 SInv}
  9805 | Lair:2   | Reached skill level 12 in Ranged Weapons
  9865 | Lair:2   | Noticed a lindwurm
  9871 | Lair:2   | Killed a lindwurm
  9872 | Lair:2   | Reached XP level 12. HP: 51/70 MP: 17/17
 10628 | Lair:3   | Found a hole to the Spider Nest.
 10742 | Lair:3   | Found a staircase to the Swamp.
 10866 | Lair:3   | HP: 3/67 [hell rat (10)]
 10871 | Lair:3   | Reached skill level 13 in Ranged Weapons
 11629 | Lair:4   | Found a runed translucent door.
 11904 | Lair:4   | Identified the +2 dagger "Hiserise" {freeze, rF+ Int+6
                  | Dex+3}
 12045 | Lair:4   | Reached XP level 13. HP: 76/76 MP: 19/19
 12301 | Lair:4   | Found a staircase to the Slime Pits.
 12321 | Lair:4   | Identified the +7 mace of Poverty {speed, rCorr}
 12673 | Lair:4   | Reached skill level 14 in Ranged Weapons
 13226 | Lair:4   | Identified the +1 whip "Newtslayer" {drain, Str+4}
 13236 | Lair:4   | Found a runed translucent gate.
 13236 | Lair:4   | Found a runed translucent gate.
 13236 | Lair:4   | Found a runed translucent gate.
 13236 | Lair:4   | Found a runed translucent gate.
 13236 | Lair:4   | Found a runed translucent gate.
 13236 | Lair:4   | Found a runed translucent gate.
 13318 | Lair:4   | Killed from afar by a lindwurm

Illustrated notes

Levels and vault maps discovered:
D:1:      psy_arrival_spokes, layout_basic, dilly_ecumenical_altar_fadedgnrine
D:2:      minmay_alternating_diamond, layout_basic, serial_curves,
          eino_curves_02, eino_curves_04
D:3:      layout_loops_cross, nicolae_hepliaklqana_hippocampus, minmay_bisected
D:4:      layout_rooms, gup_ossuary_entry_pyramid
D:5:      layout_rooms
D:6:      hellmonk_destroyed_diamonds, layout_basic, lemuel_doored_altar,
          cheibrodos_sewer_entry_sluice
D:7:      layout_rooms, minmay_temple_entry_glassed_door, st_stairs_9,
          uniq_duvessa, uniq_maggie
D:8:      layout_loops_ring, serial_nicolae_subway, nicolae_sub_station_metal,
          nicolae_sub_station_crystal, nicolae_sub_station_stone
D:9:      layout_roguey, gammafunk_ghost_necromancy
D:10:     layout_small_grid, david_lair_shrubbed, patterned_corridor, uniq_grum,
          uniq_snorg
Temple:   nicolae_temple_slightly_damp_pantheon
Lair:1:   layout_hall_layers, nicolae_quartered_pool_little,
          nicolae_lair_lindhole, lemuel_fruit_fields
Lair:2:   layout_loops_ring
Lair:3:   layout_cave_pods, minmay_swamp_entry_worms,
          hellmonk_spider_entry_life_and_decay, grunt_megastairs_3
Lair:4:   gammafunk_indiana_jones, layout_gridlike,
          minmay_slime_entry_jelly_boxes, grunt_megastairs_4

Skill      XL: |  1  2  3  4  5  6  7  8  9 10 11 12 13 |
---------------+----------------------------------------+-----
Ranged Weapons | 5 6 7 8 9 10 12 13 14 | 14.2
Fighting       | 3 4 5 6 7 9 10 11 12 | 12.6
Armour         | 1 2 3 4 5 6 7 8 9 |  9.4
Dodging        | 3 4 5 7 8 9 |  9.7
Invocations    | 1 2 3 4 5 6 7 |  7.8
Stealth        | |  1.0

Action                   |  1- 3 |  4- 6 |  7- 9 | 10-12 | 13-15 || total
-------------------------+-------+-------+-------+-------+-------++-------
 Fire: Shortbow          |    71 |   175 |   366 |    90 |       ||   702
       Arbalest          |       |       |       |   393 |   162 ||   555
Invok: Recall Ancestor   |       |       |     4 |     5 |       ||     9
       Ancestor Life: Kn |       |       |     1 |       |       ||     1
       Idealise          |       |       |       |     1 |       ||     1
       Ancestor Identity |       |       |       |     1 |       ||     1
  Use: Scroll            |       |     1 |    20 |     6 |     1 ||    28
       Potion            |       |     1 |     3 |     2 |     2 ||     8
Armor: Leather armour    |     2 |    12 |    19 |       |       ||    33
       Skin              |       |     9 |       |       |       ||     9
       Acid dragon scale |       |       |     2 |    46 |    25 ||    73
Dodge: Dodged            |    11 |    52 |   107 |   309 |   163 ||   642

Table legend: (Time is in decaauts)
 A = Elapsed time spent in this place.
 B = Non-inter-level travel time spent in this place.
 C = Inter-level travel time spent in this place.
 D = Time resting spent in this place.
 E = Time spent auto-exploring this place.
 F = Levels seen in this place.
 G = Mean time per level.
                   A        B        C        D        E       F      G
               +--------+--------+--------+--------+--------+-----+--------+
         Total |  12886 |  12480 |    406 |   2498 |   6963 |  17 |  758.0 |
       Dungeon |   7498 |   7193 |    305 |   1139 |   4478 |  10 |  749.8 |
        Temple |      1 |      1 |      0 |      0 |      0 |   1 |    1.0 |
          Lair |   4656 |   4555 |    101 |   1107 |   2462 |   4 | 1164.0 |
         Sewer |    345 |    345 |      0 |     92 |     22 |   1 |  345.0 |
       Ossuary |    384 |    384 |      0 |    160 |      0 |   1 |  384.0 |
               +--------+--------+--------+--------+--------+-----+--------+

Top non-repeatable levels by time:
  Lair:4: 1781 daAuts
  Lair:3: 1212 daAuts
    D:10: 1063 daAuts
  Lair:1: 1006 daAuts
     D:6: 924 daAuts
     D:2: 829 daAuts
     D:3: 801 daAuts
     D:8: 774 daAuts
     D:1: 719 daAuts
     D:5: 658 daAuts
  Lair:2: 655 daAuts
     D:9: 642 daAuts
     D:7: 543 daAuts
     D:4: 541 daAuts
 Ossuary: 384 daAuts
